[Event "Titled Tuesday Blitz May 03 Late 2022"]
[White "Itkis, Boris"]
[Black "Lehtosaari, Mauri"]
[WhiteFideId "1209167"]
[BlackFideId "501999"]
[WhiteElo "2207"]
[BlackElo "2507"]
[Result "1/2-1/2"]
[Round "04"]
[TimeControl "180+1"]
[Date "2022.05.03"]
[WhiteClock "0:00:08"]
[BlackClock "0:00:10"]

1. c4 c6 2. Nc3 d5 3. e3 Nf6 4. Nf3 a6 5. b3 Bg4 6. Bb2 e6 7. Be2 Nbd7 8. O-O Bd6 9. d4 Qe7 10. h3 Bh5 11. Qc2 Bg6 12. Bd3 b5 13. e4 b4 14. e5 bxc3 15. Bxc3 Bc7 16. exf6 Nxf6 17. Ne5 Bxe5 18. dxe5 Nd7 19. cxd5 cxd5 20. Bxg6 hxg6 21. Bd4 O-O 22. Rfc1 Rfe8 23. Qc7 Qb4 24. Bb2 Nf8 25. Qc5 Qf4 26. g3 Qf5 27. h4 g5 28. hxg5 Qxg5 29. Qd4 Ng6 30. Rc7 Rac8 31. Rac1 Rxc7 32. Rxc7 Qf5 33. Kg2 Qb1 34. Qa4 Ra8 35. Qd7 Qe4+ 36. Kg1 Qf5 37. Rc8+ Rxc8 38. Qxc8+ Kh7 39. Qc3 Qb1+ 40. Kg2 Qxa2 41. Bc1 Qe2 42. Be3 Qh5 43. Qc6 Qxe5 44. Qxa6 Qe4+ 45. Kg1 Ne5 46. Qe2 Nf3+ 47. Kf1 d4 48. Bf4 Nh2+ 49. Ke1 Qb1+ 50. Qd1 Qe4+ 51. Qe2 Nf3+ 52. Kf1 Qxe2+ 53. Kxe2 Ng1+ 54. Kd3 f6 55. Kxd4 e5+ 56. Bxe5 fxe5+ 57. Kxe5 Ne2 58. b4 Nc3 59. Kd4 Na4 60. b5 Kg6 61. Kc4 Kf5 62. Kb4 Nb6 63. Kc5 Na4+ 64. Kb4 Nb6 65. Kc5 Nc8 66. Kc6 Na7+ 67. Kb6 Nxb5 68. Kxb5 Ke4 69. Kc6 Kf3 70. Kd6 Kxf2 71. Ke5 Kxg3 72. Kf5 Kh4 73. Kg6 Kg4 74. Kxg7 1/2-1/2


[Site "https://www.chess.com"]

[Event "Titled Tuesday Blitz May 03 Late 2022"]
[White "Jacobson, Aaron"]
[Black "Gutierrez Olivares, Daniel"]
[WhiteFideId "2089912"]
[BlackFideId "2264005"]
[WhiteElo "2265"]
[BlackElo "2317"]
[Result "1-0"]
[Round "04"]
[TimeControl "180+1"]
[Date "2022.05.03"]
[WhiteClock "0:02:13"]
[BlackClock "0:01:08"]

1. e4 e6 2. d4 d5 3. Nd2 Nf6 4. e5 Nfd7 5. f4 c5 6. Ngf3 Nc6 7. Nb3 c4 8. Nbd2 b5 9. Be2 Qb6 10. Nf1 f5 11. Ne3 Be7 12. O-O h6 13. g4 g6 14. Kh1 Nf8 15. Rg1 Bd7 16. gxf5 exf5 17. Nxd5 Qb7 18. Ne3 Ne6 19. d5 Nxf4 20. dxc6 Bxc6 21. Rf1 Rd8 22. Qe1 Bh4 23. Qxh4 Nxe2 24. Kg2 Nd4 25. Qf6 Bxf3+ 26. Kf2 Bh5 27. Qxh8+ Kd7 28. Qg7+ Kc8 29. Qxb7+ Kxb7 30. c3 Nf3 31. a4 a6 32. axb5 axb5 33. e6 Ne5 34. e7 Re8 35. Nd5 Kc6 36. Nf6 Nd3+ 37. Kg1 Rxe7 38. Nxh5 gxh5 39. Rxf5 Re1+ 40. Rf1 Re4 41. Ra6+ Kb7 42. Rxh6 Rg4+ 43. Kh1 b4 44. Rf7+ 1-0


[Site "https://www.chess.com"]

[Event "Titled Tuesday Blitz May 03 Late 2022"]
[White "Jegorovas, Aleksandras"]
[Black "Melikyan, Gnel"]
[WhiteFideId "12801950"]
[BlackFideId "54109990"]
[WhiteElo "2247"]
[BlackElo "1772"]
[Result "1/2-1/2"]
[Round "04"]
[TimeControl "180+1"]
[Date "2022.05.03"]
[WhiteClock "0:00:16"]
[BlackClock "0:00:13"]

1. Nf3 b6 2. c4 Bb7 3. Nc3 Nf6 4. d4 e6 5. a3 Be7 6. d5 O-O 7. e4 exd5 8. exd5 Re8 9. Be2 c6 10. O-O cxd5 11. cxd5 Na6 12. d6 Bf8 13. Bg5 h6 14. Bh4 Nc5 15. b4 Nce4 16. Nxe4 Rxe4 17. Bd3 Re6 18. Bg3 Bxd6 19. Bxd6 Bxf3 20. gxf3 Rxd6 21. Bh7+ Nxh7 22. Qxd6 Ng5 23. Kg2 Rc8 24. Rad1 Rc3 25. Qxd7 Qxd7 26. Rxd7 Rxa3 27. Rc1 a5 28. b5 Rb3 29. h4 Nxf3 30. h5 Nh4+ 31. Kh2 Rxb5 32. Rc8+ Kh7 33. Rxf7 Rxh5 34. Rcc7 Nf5+ 35. Kg2 Rg5+ 36. Kf3 Nd4+ 37. Ke4 Ne6 38. Rce7 Nc5+ 39. Ke3 Rg6 40. f4 a4 41. f5 Rg5 42. f6 Kg6 43. fxg7 Kh7 44. Ra7 Ne6 45. Rxa4 Nxg7 46. Rb4 Rg6 47. Rb7 Re6+ 48. Kf2 h5 49. R4xb6 1/2-1/2


[Site "https://www.chess.com"]

[Event "Titled Tuesday Blitz May 03 Late 2022"]
[White "Jones, Gawain C B"]
[Black "Fedoseev, Vladimir"]
[WhiteFideId "409561"]
[BlackFideId "24130737"]
[WhiteElo "2657"]
[BlackElo "2726"]
[Result "0-1"]
[Round "04"]
[TimeControl "180+1"]
[Date "2022.05.03"]
[WhiteClock "0:00:02"]
[BlackClock "0:00:07"]

1. Nf3 c5 2. g3 Nc6 3. Bg2 e5 4. e4 Nf6 5. d3 h6 6. O-O g6 7. c4 Bg7 8. Nc3 O-O 9. a3 d6 10. Rb1 a5 11. Ne1 Ne8 12. Nc2 f5 13. exf5 Bxf5 14. b4 axb4 15. axb4 Rb8 16. Be3 Nd4 17. bxc5 dxc5 18. Bxb7 Kh7 19. Bxd4 exd4 20. Ne4 Nd6 21. Nxd6 Qxd6 22. Qd2 Rxb7 23. Rxb7 Bh3 24. Rfb1 Qc6 25. Ne1 Re8 26. f3 Kg8 27. Kf2 Re3 28. R1b6 Qe8 29. Rb8 Bc8 30. Ng2 Kh7 31. R6b7 Rxf3+ 32. Kg1 Qc6 33. Rb6 Qc7 34. Nf4 Bg4 35. Qe2 Rxf4 36. Qg2 Rf8 37. R8b7 Qd8 38. Qe4 Bf5 39. Qe7 Qxe7 40. Rxe7 Kg8 41. Rbb7 Bf6 42. Rec7 Bxd3 43. Rxc5 Be4 44. Rd7 d3 45. Rcc7 Be5 46. Rc5 Bc3 47. h4 d2 48. Kh2 Bc2 49. Rcd5 Rf2+ 50. Kh3 Bf5+ 51. g4 Bxd7 52. Rxd7 Rf1 53. Rd8+ Kf7 0-1


[Site "https://www.chess.com"]

[Event "Titled Tuesday Blitz May 03 Late 2022"]
[White "Karttunen, Mika"]
[Black "Papasimakopoulos, Alexandros"]
[WhiteFideId "502081"]
[BlackFideId "4244125"]
[WhiteElo "2343"]
[BlackElo "2340"]
[Result "0-1"]
[Round "04"]
[TimeControl "180+1"]
[Date "2022.05.03"]
[WhiteClock "0:00:21"]
[BlackClock "0:00:50"]

1. c4 f5 2. d4 Nf6 3. Nc3 d6 4. Bg5 Nbd7 5. Qc2 g6 6. e4 fxe4 7. Nxe4 Bg7 8. O-O-O O-O 9. Ng3 e5 10. d5 a5 11. f3 Nc5 12. N1e2 Qe8 13. Nc3 Bd7 14. h4 h6 15. Be3 b6 16. Bxc5 bxc5 17. Bd3 e4 18. Ngxe4 Nxe4 19. Bxe4 Bf5 20. Rde1 Bxe4 21. Rxe4 Qf7 22. Re6 Qf4+ 23. Kb1 Qxc4 24. Rxg6 Rab8 25. b3 Kh8 26. Rxg7 Kxg7 27. Rd1 a4 28. Qb2 axb3 29. Ne4+ Kg8 30. a3 Ra8 31. Rc1 Qd3+ 32. Ka1 Qxd5 33. Nf6+ Rxf6 34. Qxf6 Rxa3+ 35. Kb1 Qd3+ 36. Kb2 Ra2# 0-1


[Site "https://www.chess.com"]

[Event "Titled Tuesday Blitz May 03 Late 2022"]
[White "Kate1606"]
[Black "Pesotskiy, Mikhail"]
[BlackFideId "34164453"]
[WhiteElo "2146"]
[BlackElo "2010"]
[Result "0-1"]
[Round "04"]
[TimeControl "180+1"]
[Date "2022.05.03"]
[WhiteClock "0:00:14"]
[BlackClock "0:01:43"]

1. e4 e6 2. d4 d5 3. Nc3 Bb4 4. e5 c5 5. Bd2 Ne7 6. Nb5 Bxd2+ 7. Qxd2 O-O 8. f4 Nd7 9. Nf3 Qb6 10. Nd6 Nf5 11. Bd3 Nxd6 12. exd6 Qxd6 13. O-O Nf6 14. c3 Ne4 15. Qe3 f5 16. Bxe4 cxd4 17. Nxd4 fxe4 18. Kh1 Bd7 19. Rad1 e5 20. fxe5 Qxe5 21. Nf3 Qh5 22. Ng5 h6 23. Nh3 Bxh3 24. gxh3 b6 25. Qd4 Kh7 26. Rde1 Qxh3 27. Rxf8 Rxf8 28. Qe3 Rf1+ 29. Rxf1 Qxf1+ 30. Qg1 Qf3+ 31. Qg2 g5 32. Qxf3 exf3 33. Kg1 h5 34. Kf2 g4 35. h3 Kg6 36. hxg4 hxg4 37. Kg3 Kf5 38. Kf2 Kf4 39. Kf1 g3 40. b3 Ke3 41. c4 dxc4 42. bxc4 Kd4 43. Kg1 Kxc4 44. Kf1 Kb4 0-1


[Site "https://www.chess.com"]

[Event "Titled Tuesday Blitz May 03 Late 2022"]
[White "Kazakouski, Valery"]
[Black "Sebag, Marie"]
[WhiteFideId "13507443"]
[BlackFideId "617822"]
[WhiteElo "2524"]
[BlackElo "2440"]
[Result "1-0"]
[Round "04"]
[TimeControl "180+1"]
[Date "2022.05.03"]
[WhiteClock "0:00:03"]
[BlackClock "0:00:04"]

1. d4 Nf6 2. c4 e6 3. Nc3 Bb4 4. f3 c5 5. d5 b5 6. e4 O-O 7. Ne2 bxc4 8. Nf4 exd5 9. Nxd5 Nxd5 10. Qxd5 Nc6 11. Bxc4 Qf6 12. Bd2 Rb8 13. O-O Nd4 14. Rac1 d6 15. Qg5 Qxg5 16. Bxg5 Be6 17. Na4 Rfe8 18. Kf2 Bxc4 19. Rxc4 f5 20. a3 Ba5 21. b4 Bb6 22. Be3 fxe4 23. Nxb6 axb6 24. Bxd4 d5 25. Rxc5 bxc5 26. Bxc5 exf3 27. gxf3 Ra8 28. Ra1 Ra4 29. b5 Ra5 30. Rb1 Rb8 31. a4 Rxa4 32. b6 Ra6 33. Ke3 Ra4 34. b7 d4+ 35. Bxd4 Kf7 36. Be5 Rf8 37. f4 Ra3+ 38. Ke4 Re8 39. Kf5 Ra2 40. b8=Q Rxb8 41. Rxb8 g6+ 42. Kg5 Rxh2 43. Rb7+ Ke8 44. Kf6 Rh5 45. Ke6 1-0


[Site "https://www.chess.com"]

[Event "Titled Tuesday Blitz May 03 Late 2022"]
[White "Kim, Sergey"]
[Black "Abdyzhapar, Asylbek"]
[WhiteFideId "13700570"]
[BlackFideId "13800337"]
[WhiteElo "2534"]
[BlackElo "2331"]
[Result "0-1"]
[Round "04"]
[TimeControl "180+1"]
[Date "2022.05.03"]
[WhiteClock "0:00:03"]
[BlackClock "0:00:35"]

1. d4 Nf6 2. c4 g6 3. Nc3 Bg7 4. e4 d6 5. Nge2 O-O 6. Ng3 Nbd7 7. Be2 e5 8. d5 a5 9. O-O h5 10. Bg5 Nc5 11. f3 Bd7 12. Qd2 Qe8 13. Rae1 Nh7 14. Bh6 h4 15. Nh1 Bxh6 16. Qxh6 Qe7 17. g3 Ng5 18. Nf2 Bh3 19. Nxh3 Nxh3+ 20. Kg2 Qg5 21. Qxg5 Nxg5 22. gxh4 Nh7 23. f4 exf4 24. Rxf4 Rae8 25. Ref1 Kg7 26. Kg3 Re7 27. R1f3 Rfe8 28. b3 f6 29. Bd3 Nd7 30. Bc2 Ne5 31. Rf2 Nd7 32. Nb5 Nc5 33. Nd4 Re5 34. Kg2 R8e7 35. Nf3 Rh5 36. Rg4 Kh6 37. e5 f5 38. Rg5 dxe5 39. Rxh5+ Kxh5 40. Re2 e4 41. Nd4 Kxh4 42. a3 Ng5 43. b4 axb4 44. axb4 Na6 45. b5 Nc5 46. Re1 f4 47. Kf2 Nh3+ 48. Kg2 f3+ 49. Kf1 e3 50. Nxf3+ Kg4 51. Nd4 Nf4 52. Bd1+ Kh3 53. Bf3 Ncd3 0-1


[Site "https://www.chess.com"]

[Event "Titled Tuesday Blitz May 03 Late 2022"]
[White "Kollars, Dmitrij"]
[Black "Rytenko, Vsevolod"]
[WhiteFideId "12909572"]
[BlackFideId "14133040"]
[WhiteElo "2584"]
[BlackElo "2120"]
[Result "1-0"]
[Round "04"]
[TimeControl "180+1"]
[Date "2022.05.03"]
[WhiteClock "0:00:24"]
[BlackClock "0:00:09"]

1. d4 d5 2. c4 e6 3. Nf3 Nf6 4. Nc3 c5 5. e3 Nc6 6. a3 cxd4 7. exd4 Be7 8. c5 O-O 9. b4 Ne4 10. Qc2 f5 11. Bd3 Bf6 12. Ne2 g5 13. Bb2 g4 14. Ne5 a5 15. b5 Nxe5 16. dxe5 Be7 17. Bd4 Bd7 18. Bxe4 fxe4 19. a4 Rc8 20. O-O Bxc5 21. Bxc5 b6 22. Bxb6 Rxc2 23. Bxd8 Rxd8 24. Nd4 Rc4 25. Rfd1 Rdc8 26. Nb3 Rb4 27. Nxa5 Ra8 28. Nb7 Raxa4 29. Rxa4 Rxa4 30. Nc5 Bxb5 31. Nxa4 Bxa4 32. Rb1 Kf7 33. Rb6 Bc2 34. Kf1 d4 35. Rd6 d3 36. Ke1 Bb3 37. Rd8 Kg6 38. Rf8 Bd5 39. Kd2 h5 40. Ke3 Kg5 41. Rf6 h4 42. Rf8 Bc4 43. f3 exf3 44. gxf3 gxf3 45. Rxf3 Kg4 46. Rf4+ Kh3 47. Rxc4 Kxh2 48. Rxh4+ 1-0


[Site "https://www.chess.com"]

[Event "Titled Tuesday Blitz May 03 Late 2022"]
[White "Kujawski, Adam"]
[Black "Mirza, Diana"]
[WhiteFideId "1100920"]
[BlackFideId "2503999"]
[WhiteElo "2053"]
[BlackElo "1813"]
[Result "1-0"]
[Round "04"]
[TimeControl "180+1"]
[Date "2022.05.03"]
[WhiteClock "0:01:23"]
[BlackClock "0:00:31"]

1. e4 e5 2. Nf3 d6 3. d4 exd4 4. Nxd4 Nf6 5. Nc3 g6 6. g3 Bg7 7. Bg2 O-O 8. O-O Nc6 9. Nde2 Re8 10. Rb1 Bg4 11. h3 Bxe2 12. Qxe2 Nd4 13. Qd1 Nd7 14. Be3 c5 15. Nd5 Nb6 16. Nxb6 axb6 17. c3 Nb5 18. a3 Nxa3 19. bxa3 Rxa3 20. c4 Qa8 21. Qxd6 Be5 22. Qxb6 Bxg3 23. Qxb7 Bd6 24. Qxa8 Rexa8 25. e5 Rd8 26. exd6 Rc3 27. Rbd1 Rxc4 28. Bg5 1-0


[Site "https://www.chess.com"]

[Event "Titled Tuesday Blitz May 03 Late 2022"]
[White "Lashkin, Jegor"]
[Black "Kozin, Yuri"]
[WhiteFideId "13907808"]
[BlackFideId "4129920"]
[WhiteElo "2368"]
[BlackElo "2564"]
[Result "1-0"]
[Round "04"]
[TimeControl "180+1"]
[Date "2022.05.03"]
[WhiteClock "0:01:56"]
[BlackClock "0:00:04"]

1. Nf3 c5 2. b3 Nf6 3. Bb2 e6 4. g3 Be7 5. Bg2 O-O 6. O-O a6 7. d4 cxd4 8. Nxd4 d6 9. c4 Qc7 10. Nc3 Nbd7 11. Rc1 Ne5 12. e3 Bd7 13. Qe2 Rac8 14. Rfd1 Qb8 15. e4 b5 16. cxb5 axb5 17. Ndxb5 Rfe8 18. a4 Bc6 19. Ba3 Rcd8 20. h3 Ba8 21. Qe3 d5 22. Bxe7 Rxe7 23. exd5 exd5 24. Qf4 Red7 25. Nd4 Ne4 26. Ncb5 h6 27. h4 Nf6 28. Bh3 Re7 29. Bf1 Rde8 30. Nf5 Rd7 31. Bg2 Kh7 32. Nxh6 Ng6 33. Qxb8 Rxb8 34. Nf5 Ne5 35. Nfd4 Ne4 36. Rc2 g6 37. Nf3 Ng4 38. Ne1 Re8 39. Nd3 f5 40. Rdc1 d4 41. Rc7 Ree7 42. Rxd7 Rxd7 43. Rc7 Rxc7 44. Nxc7 Bc6 45. Ne6 Bd5 46. Nxd4 1-0


[Site "https://www.chess.com"]

[Event "Titled Tuesday Blitz May 03 Late 2022"]
[White "Leiva, Gianmarco"]
[Black "Petrovic, Aleksa"]
[WhiteFideId "3804399"]
[BlackFideId "967629"]
[WhiteElo "2323"]
[BlackElo "2198"]
[Result "1-0"]
[Round "04"]
[TimeControl "180+1"]
[Date "2022.05.03"]
[WhiteClock "0:01:10"]
[BlackClock "0:01:35"]

1. Nf3 Nf6 2. g3 d5 3. Bg2 Bg4 4. O-O Nbd7 5. d3 c6 6. Nc3 e6 7. e4 Be7 8. h3 Bxf3 9. Qxf3 O-O 10. Qe2 d4 11. Nd1 Ne8 12. f4 e5 13. Nf2 c5 14. Ng4 Nc7 15. fxe5 h5 16. Nh2 h4 17. gxh4 Nxe5 18. h5 Bg5 19. Bxg5 Qxg5 20. Rf5 Qe7 21. b3 Kh7 22. Raf1 Rh8 23. Ng4 Kg8 24. Nxe5 1-0


[Site "https://www.chess.com"]

[Event "Titled Tuesday Blitz May 03 Late 2022"]
[White "Maksimovic, Bojan"]
[Black "Guz, Ari"]
[WhiteFideId "14408120"]
[BlackFideId "2825759"]
[WhiteElo "2448"]
[BlackElo "1913"]
[Result "0-1"]
[Round "04"]
[TimeControl "180+1"]
[Date "2022.05.03"]
[WhiteClock "0:00:01"]
[BlackClock "0:00:19"]

1. e4 c5 2. Nf3 e6 3. c3 d5 4. exd5 exd5 5. d4 Nc6 6. Be3 cxd4 7. Nxd4 Nf6 8. Be2 Bd6 9. O-O O-O 10. Nd2 Re8 11. h3 Bd7 12. Re1 h6 13. Bf1 Rc8 14. Qb3 Na5 15. Qc2 a6 16. Rad1 Nc6 17. Nxc6 bxc6 18. Nb3 Ne4 19. Bd3 a5 20. Bxe4 Rxe4 21. Qxe4 dxe4 22. Rxd6 Qe7 23. Red1 Be6 24. Nc5 Bf5 25. b3 Kh7 26. c4 Qe5 27. Na4 Be6 28. R6d2 f5 29. Bd4 Qb8 30. Nc5 Re8 31. Na6 Qf4 32. Nc5 Qg5 33. Kf1 f4 34. Nxe4 Qg6 35. f3 Bf5 36. Nc5 Qh5 37. Bf2 Bxh3 38. gxh3 Qxh3+ 39. Kg1 Re5 40. Ne4 Rh5 0-1


[Site "https://www.chess.com"]

[Event "Titled Tuesday Blitz May 03 Late 2022"]
[White "Mangialardo, Tiago Carvalho"]
[Black "Stanisz, Patryk"]
[WhiteFideId "2130718"]
[BlackFideId "1123106"]
[WhiteElo "2112"]
[BlackElo "1833"]
[Result "1-0"]
[Round "04"]
[TimeControl "180+1"]
[Date "2022.05.03"]
[WhiteClock "0:00:04"]
[BlackClock "0:00:09"]

1. e4 c5 2. Nf3 Nc6 3. d4 cxd4 4. Nxd4 Nf6 5. Nc3 e5 6. Nf3 Bb4 7. Bd3 O-O 8. O-O Bxc3 9. bxc3 d5 10. Bg5 dxe4 11. Bxf6 Qxf6 12. Bxe4 Bg4 13. h3 Rfd8 14. Qe2 Bh5 15. Rfd1 Re8 16. Rd2 Bxf3 17. Bxf3 e4 18. Bxe4 Qxc3 19. Rad1 h6 20. Qd3 Qxd3 21. Bxd3 Rad8 22. a4 a6 23. Kf1 Kf8 24. f3 Rd4 25. Ra1 Nb4 26. Ra3 Red8 27. Rb3 Nxc2 28. Rxc2 Rxd3 29. Rxb7 R3d7 30. Rb6 a5 31. Rb5 Rd5 32. Rcc5 Rd1+ 33. Kf2 R8d2+ 34. Kg3 Rg1 35. Rxa5 Rgxg2+ 36. Kf4 Rd4+ 37. Ke3 Rdd2 38. Ra8+ Ke7 39. Ra7+ Kd6 40. Rb5 Rge2+ 41. Kf4 g5+ 42. Kf5 Rd5+ 43. Rxd5+ Kxd5 44. Ra5+ Kd6 45. Ra6+ Ke7 46. Rxh6 Re3 47. a5 Rxf3+ 48. Kxg5 Ra3 49. a6 Ra5+ 50. Kg4 f6 51. Rh7+ Ke6 52. a7 Ra4+ 53. Kg3 Kf5 54. Rb7 Ra3+ 55. Kh4 Kf4 56. Kh5 f5 57. Kg6 Ra6+ 58. Kf7 Kf3 59. h4 f4 60. h5 Kf2 61. h6 f3 62. h7 Rh6 63. Kg7 Ra6 64. h8=Q Rxa7 65. Qh2+ Ke3 66. Rxa7 f2 67. Ra3+ Ke2 68. Ra2+ Ke1 69. Qxf2+ Kd1 70. Qd2# 1-0


[Site "https://www.chess.com"]

[Event "Titled Tuesday Blitz May 03 Late 2022"]
[White "Martinez Alcantara, Jose Eduardo"]
[Black "Fishbein, Alexander"]
[WhiteFideId "3805662"]
[BlackFideId "2000377"]
[WhiteElo "2690"]
[BlackElo "2442"]
[Result "1-0"]
[Round "04"]
[TimeControl "180+1"]
[Date "2022.05.03"]
[WhiteClock "0:00:19"]
[BlackClock "0:00:01"]

1. e4 c5 2. Nf3 d6 3. c3 Nf6 4. h3 Nc6 5. Bd3 d5 6. e5 c4 7. Bc2 Nd7 8. e6 fxe6 9. b3 cxb3 10. axb3 Nf6 11. d4 Qc7 12. O-O e5 13. Nxe5 Nxe5 14. Bf4 e6 15. dxe5 Ne4 16. Bxe4 dxe4 17. Nd2 Be7 18. Nxe4 O-O 19. Qg4 b6 20. Nf6+ Kh8 21. Nh5 Rf7 22. c4 Bc5 23. Rad1 Bb7 24. Bg3 Qc6 25. Bh4 Raf8 26. Kh2 a5 27. f3 a4 28. bxa4 Ra8 29. Rd3 Ba6 30. Rfd1 Raf8 31. Rd8 Qxa4 32. Nxg7 Rxg7 33. Bf6 Rg8 34. Qxg7# 1-0


[Site "https://www.chess.com"]

[Event "Titled Tuesday Blitz May 03 Late 2022"]
[White "Martinez Reyes, Pedro Ramon"]
[Black "Ibarra Jerez, Jose Carlos"]
[WhiteFideId "3901807"]
[BlackFideId "2226332"]
[WhiteElo "2410"]
[BlackElo "2626"]
[Result "1/2-1/2"]
[Round "04"]
[TimeControl "180+1"]
[Date "2022.05.03"]
[WhiteClock "0:00:13"]
[BlackClock "0:00:07"]

1. d4 d6 2. Nc3 Nf6 3. Bg5 Nbd7 4. Nf3 e5 5. e3 Be7 6. Be2 e4 7. Nd2 d5 8. O-O O-O 9. Ncb1 c5 10. dxc5 Nxc5 11. Nc3 Be6 12. Nb3 Rc8 13. Nd4 h6 14. Bh4 Qb6 15. Rb1 Rfd8 16. Qd2 a6 17. Rfd1 g5 18. Bg3 h5 19. Be5 Ncd7 20. Nxe6 Qxe6 21. Bd4 b5 22. a4 b4 23. Na2 a5 24. c3 bxc3 25. Nxc3 Ne5 26. Rdc1 Bb4 27. Qd1 g4 28. Nb5 Nh7 29. Rxc8 Rxc8 30. Rc1 Nc6 31. Na7 Nxa7 32. Bxa7 Rxc1 33. Qxc1 Ng5 34. Qc7 Qg6 35. Qd8+ Kg7 36. Bd4+ f6 37. Qxd5 Nf3+ 38. Kh1 Nxd4 39. Qxd4 Qf5 40. Kg1 Qc5 41. Qxc5 Bxc5 42. Bc4 f5 43. Kf1 h4 44. g3 h3 45. Ke2 Kf6 46. b3 Bb4 47. Bg8 Ke5 48. Bc4 Bc3 49. Bg8 Bb4 50. Bc4 Bd6 51. Bg8 Kf6 52. Bc4 Ke5 53. Bg8 Bb4 1/2-1/2


[Site "https://www.chess.com"]

[Event "Titled Tuesday Blitz May 03 Late 2022"]
[White "Matinian, Nikita"]
[Black "Hakobyan, Aram"]
[WhiteFideId "24129100"]
[BlackFideId "13306677"]
[WhiteElo "2422"]
[BlackElo "2557"]
[Result "1/2-1/2"]
[Round "04"]
[TimeControl "180+1"]
[Date "2022.05.03"]
[WhiteClock "0:00:04"]
[BlackClock "0:00:14"]

1. e4 e5 2. Nf3 Nc6 3. Bb5 Nf6 4. d3 Bc5 5. c3 O-O 6. O-O Re8 7. Bg5 a6 8. Bc4 h6 9. Bh4 Be7 10. Nbd2 d6 11. a4 Nh5 12. Ng5 Bxg5 13. Qxh5 Be6 14. Bxg5 Qxg5 15. Qxg5 hxg5 16. b4 a5 17. b5 Nb8 18. Bxe6 Rxe6 19. d4 Nd7 20. f3 Nb6 21. Rfd1 g6 22. Nf1 d5 23. exd5 Nxd5 24. c4 Nc3 25. d5 Nxd1 26. dxe6 Nc3 27. exf7+ Kxf7 28. Ra3 Ne2+ 29. Kf2 Nd4 30. Nd2 Rd8 31. Ne4 Ne6 32. g3 Rd4 33. c5 g4 34. b6 cxb6 35. cxb6 gxf3 36. Kxf3 Ke7 37. h4 Rb4 38. Ke3 Rxb6 39. Rc3 Rb4 40. g4 Rxa4 41. h5 gxh5 42. gxh5 Nf4 43. Rb3 Rxe4+ 44. Kxe4 Nxh5 45. Rxb7+ Kd6 46. Ra7 Nf6+ 47. Ke3 Nd5+ 48. Kf2 e4 49. Rxa5 Ke5 50. Ra8 Kd4 51. Rd8 Ke5 52. Ke2 Nf4+ 53. Ke3 Nd5+ 54. Ke2 Nf4+ 55. Ke3 Nd5+ 56. Ke2 1/2-1/2


[Site "https://www.chess.com"]

[Event "Titled Tuesday Blitz May 03 Late 2022"]
[White "Mekhane, Adam"]
[Black "Al-Tarboush, Ward"]
[WhiteFideId "36050601"]
[BlackFideId "7601450"]
[WhiteElo "2002"]
[BlackElo "2276"]
[Result "0-1"]
[Round "04"]
[TimeControl "180+1"]
[Date "2022.05.03"]
[WhiteClock "0:00:07"]
[BlackClock "0:01:11"]

1. e4 e6 2. d4 d5 3. exd5 exd5 4. Nf3 Bg4 5. h3 Bh5 6. Bd3 Nc6 7. c3 Bd6 8. O-O Nge7 9. Re1 Qd7 10. Nbd2 O-O-O 11. b4 Rdg8 12. a4 g5 13. Qc2 g4 14. hxg4 Bxg4 15. Ne5 Bxe5 16. dxe5 Bh3 17. g3 h5 18. b5 Nd8 19. Nf3 h4 20. Bg5 hxg3 21. fxg3 Ne6 22. Bh4 Rxh4 23. Nxh4 Rxg3+ 24. Kh2 Nf4 25. e6 Qd6 26. Kxg3 Nh5+ 27. Kf3 Qf4+ 28. Ke2 Bg4+ 29. Nf3 Bxf3+ 30. Kf2 Qg3+ 31. Kf1 Nf4 32. exf7 Bg2+ 33. Kg1 Nh3# 0-1


[Site "https://www.chess.com"]

[Event "Titled Tuesday Blitz May 03 Late 2022"]
[White "Mikhailov, Viacheslav"]
[Black "Aggelis, Nikolaos"]
[WhiteFideId "4187369"]
[BlackFideId "4213220"]
[WhiteElo "2381"]
[BlackElo "2154"]
[Result "1/2-1/2"]
[Round "04"]
[TimeControl "180+1"]
[Date "2022.05.03"]
[WhiteClock "0:00:18"]
[BlackClock "0:00:17"]

1. Nf3 Nf6 2. g3 g6 3. Bg2 Bg7 4. O-O O-O 5. c4 d5 6. cxd5 Nxd5 7. Nc3 Nxc3 8. dxc3 c6 9. Qxd8 Rxd8 10. Bg5 Bf6 11. Rad1 Bd7 12. Bf4 Na6 13. Be3 Be6 14. Rxd8+ Rxd8 15. Bxa7 Bxa2 16. Bb6 Rd7 17. e4 e6 18. Ra1 Bc4 19. Be3 Kg7 20. e5 Be7 21. Nd2 Bd5 22. Ne4 Bxe4 23. Bxe4 Bc5 24. Bxc6 bxc6 25. Rxa6 Bxe3 26. fxe3 Rb7 27. b4 c5 28. bxc5 Rb5 29. Rc6 Rb3 30. Kf2 Rxc3 31. Kf3 Rc4 32. Rc8 g5 33. g4 h6 34. c6 Rc2 35. h3 Rc1 36. Ke4 Rc2 37. Kd4 Rc1 38. Kd3 Rc5 39. Rc7 Rc1 40. Kd4 Rc2 41. Rc8 Rc1 42. c7 Rc2 43. Kd3 Rc1 44. Ke4 Rc2 45. Kf3 Rc3 46. Kg2 Rc2+ 47. Kg3 Rc3 48. h4 Rxe3+ 49. Kf2 Rc3 50. h5 Rc4 51. Ke2 Rc1 52. Kd3 Rc5 53. Kd4 Rc1 54. Kd3 Rc5 55. Kd2 Rc4 56. Kd3 Rc1 57. Kd4 Rc6 58. Kd3 Rc1 59. Kd2 Rc6 60. Kd3 Rc5 1/2-1/2


[Site "https://www.chess.com"]

[Event "Titled Tuesday Blitz May 03 Late 2022"]
[White "Mikhalsky, Vladimir"]
[Black "Remizov, Yaroslav"]
[WhiteFideId "14144352"]
[BlackFideId "34134015"]
[WhiteElo "2301"]
[BlackElo "2386"]
[Result "1/2-1/2"]
[Round "04"]
[TimeControl "180+1"]
[Date "2022.05.03"]
[WhiteClock "0:00:13"]
[BlackClock "0:01:26"]

1. d4 d6 2. e4 Nd7 3. Nc3 e6 4. f4 Ne7 5. Nf3 g6 6. Bd3 Bg7 7. O-O O-O 8. f5 exf5 9. exf5 c5 10. Bg5 cxd4 11. Nd5 f6 12. Nxe7+ Qxe7 13. Bh4 Nc5 14. Nxd4 Qe5 15. c3 Nxd3 16. Qxd3 gxf5 17. Nxf5 Bxf5 18. Rxf5 Qe6 19. Raf1 Rae8 20. Rh5 h6 21. Qg6 Qe3+ 22. Bf2 Qe4 23. Qxe4 Rxe4 24. Bxa7 Ra8 25. Bd4 Rxa2 26. Rb5 Re2 27. Rxb7 Raxb2 28. Rxb2 Rxb2 29. Bxf6 Rc2 30. Bxg7 Kxg7 31. Rd1 Rxc3 32. Rxd6 h5 33. Rd2 Kg6 34. g3 Kg5 35. Kg2 Ra3 36. Kh3 Rb3 37. Rd5+ Kg6 38. Rd4 Kg5 39. Rf4 Ra3 40. Rf8 Rb3 41. Ra8 Rb5 42. Ra4 Rc5 43. Ra2 Rb5 44. Kg2 Kg4 45. h4 Rb3 46. Ra4+ Kf5 47. Rf4+ Kg6 48. Rf3 Rb2+ 49. Rf2 Rb3 50. Kh3 Ra3 51. Rf4 Ra1 52. Rf8 Rh1+ 53. Kg2 Ra1 54. Rg8+ Kh7 55. Rg5 Kh6 56. Kh3 Rh1+ 57. Kg2 Ra1 58. Kf3 Ra3+ 59. Kg2 Ra2+ 60. Kh3 Ra1 61. Re5 Ra2 62. Re6+ Kg7 63. Re3 Kf6 64. Re4 Kf5 65. Rf4+ Kg6 66. Rf8 Ra1 67. Rg8+ Kh6 68. Rg5 Ra2 69. Rc5 Kg6 70. Rc6+ Kg7 71. Rc3 Kg6 72. Rc5 Rb2 73. Rd5 Rb6 74. Rg5+ Kh6 75. Rf5 Re6 76. Rg5 Rf6 77. Rd5 Rg6 78. Re5 Rf6 79. Rd5 Rf2 80. Re5 Rf6 81. Rd5 1/2-1/2


[Site "https://www.chess.com"]

[Event "Titled Tuesday Blitz May 03 Late 2022"]
[White "Milanovic, Marko"]
[Black "Zhigalko, Sergei"]
[WhiteFideId "980129"]
[BlackFideId "13502956"]
[WhiteElo "2159"]
[BlackElo "2662"]
[Result "0-1"]
[Round "04"]
[TimeControl "180+1"]
[Date "2022.05.03"]
[WhiteClock "0:00:13"]
[BlackClock "0:01:40"]

1. d4 Nf6 2. Bf4 e6 3. Nf3 b6 4. e3 Bb7 5. Bd3 Nh5 6. Bg5 Be7 7. Bxe7 Qxe7 8. Nbd2 f5 9. c3 O-O 10. Qc2 c5 11. O-O-O Nc6 12. g4 fxg4 13. Bxh7+ Kh8 14. Bg6 gxf3 15. Bxh5 cxd4 16. exd4 Nxd4 17. Qd3 Ne2+ 18. Kb1 Nf4 19. Qb5 Rf5 20. Qb3 Rxh5 21. Rhe1 Ne2 22. Qc4 Rf8 23. Qg4 Qh4 24. Qg6 Rh6 25. Qd3 Bc6 26. Qd6 Kg8 27. Nf1 Qxf2 28. Qd3 Qc5 29. Qc4 Qxc4 0-1


[Site "https://www.chess.com"]

[Event "Titled Tuesday Blitz May 03 Late 2022"]
[White "Mirzoev, Azer"]
[Black "Prieto Aranguren, Alain"]
[WhiteFideId "13400304"]
[BlackFideId "2268906"]
[WhiteElo "2525"]
[BlackElo "2235"]
[Result "1-0"]
[Round "04"]
[TimeControl "180+1"]
[Date "2022.05.03"]
[WhiteClock "0:02:35"]
[BlackClock "0:02:04"]

1. c4 Nf6 2. Nc3 g6 3. e4 Bg7 4. d3 O-O 5. g3 d6 6. Bg2 e5 7. Nge2 Nc6 8. O-O Nd7 9. f4 f5 10. exf5 gxf5 11. Be3 Nd4 12. Qd2 a5 13. Rae1 Nc5 14. h3 Bd7 15. Kh2 Qe8 16. Nd5 Rc8 17. Nxd4 exd4 18. Bxd4 Qh5 19. Ne7+ Kh8 20. Bxg7+ Kxg7 21. Nxc8 Bxc8 22. Re7+ Kh8 23. Qc3+ 1-0


[Site "https://www.chess.com"]